 Dungeon Crawl Stone Soup version 0.24.0-125-gc4c63601f3 (webtiles) character file.

Game seed: 4369946556149468541, levelgen mode: deterministic

164 grindst0ne the Skirmisher (level 5, -2/44 HPs)
             Began as a Human Artificer on Feb 25, 2020.
             Slain by a gnoll
             ... wielding a +0 spear
              (4 damage)
             ... on level 2 of the Dungeon.
             The game lasted 00:03:20 (1996 turns).

grindst0ne the Skirmisher (Human Artificer)         Turns: 1996, Time: 00:03:21

Health: -2/44      AC:  6    Str: 13    XL:     5   Next: 73%
Magic:  7/7        EV:  9    Int: 12    God:
Gold:   45         SH:  0    Dex: 13    Spells: 4/4 levels left

rFire    . . .     SeeInvis .   r - +2 dagger (vamp)
rCold    . . .     Gourm    .   (no shield)
rNeg     . . .     Faith    .   s - +0 scale mail (curse)
rPois    .         Spirit   .   (no helmet)
rElec    .         Reflect  .   (no cloak)
rCorr    .         Harm     .   (no gloves)
MR       .....                  (no boots)
Stlth    ..........             (no amulet)
HPRegen  0.14/turn              (no ring)
MPRegen  0.10/turn              (no ring)

@: no status effects
A: no striking features
a: no special abilities


You were on level 2 of the Dungeon.
You were hungry.

You visited 1 branch of the dungeon, and saw 2 of its levels.

You collected 45 gold pieces.

Inventory:

Hand Weapons
 o - a +4 short sword
 r - a +2 vampiric dagger (weapon)
Armour
 g - a +0 ring mail
 s - a cursed +0 scale mail (worn)
Wands
 c - a wand of flame (5)
 d - a wand of enslavement (15)
 e - a wand of random effects (15)
Scrolls
 h - a scroll of blinking {unknown}
 i - a scroll of teleportation {unknown}
 j - 2 scrolls of noise {unknown}
 n - a scroll of immolation {unknown}
 p - a scroll of identify {unknown}
 t - a scroll of remove curse {unknown}
Potions
 b - 3 potions of resistance {unknown}
 k - 2 potions of curing
 l - a potion of agility {unknown}
 m - a potion of haste {unknown}
 q - a potion of degeneration {unknown}
Comestibles
 a - a chunk of flesh
 f - 4 rations


   Skills:
 + Level 5.1 Fighting
 - Level 1.0 Short Blades
 - Level 2.0 Dodging
 - Level 1.0 Stealth
 - Level 3.0 Evocations


You had 4 spell levels left.
You didn't know any spells.
Your spell library was empty.

Dungeon Overview and Level Annotations

Branches:
Dungeon (2/15)

Altars:
Nemelex Xobeh


Message History

The gnoll hits you from afar with a +0 spear.
You closely miss the gnoll.
The gnoll is moderately wounded.
The gnoll hits you with a +0 spear. The gnoll hits you but does no damage.
You closely miss the gnoll.
The gnoll is moderately wounded.
The gnoll hits you with a +0 spear. The gnoll closely misses you.
You hit the gnoll.
The gnoll is moderately wounded.
The gnoll hits you with a +0 spear!
* * * LOW HITPOINT WARNING * * *
The gnoll hits you from afar with a +0 spear.
* * * LOW HITPOINT WARNING * * *
You hit the gnoll but do no damage.
The gnoll is moderately wounded.
You hit the gnoll but do no damage.
The gnoll is moderately wounded.
The gnoll barely misses you.
The gnoll hits you from afar with a +0 spear.
You die...

# .. #.. .## #.# .
# ..# #.##.. #g#.#
# .... #.#.##.#
#.# #..gg..# ..# #
###g####
#.##.######## #g#
.....#......# #@#
#.####.####.# #.#
#.###...###.####.#
#................#
####.....##.######
# #.....##.# #
##.......# #
######### #


You could see 4 gnolls.

Vanquished Creatures
  2 orc wizards (D:2)
  An orc priest (D:2)
  4 adders (D:2)
  3 worms (D:2)
  A dart slug (D:1)
  An orc (D:2)
  2 giant cockroaches (D:1)
  3 goblins
  4 hobgoblins
  2 jackals (D:2)
  A kobold (D:2)
  A quokka (D:2)
  5 bats
  4 rats
34 creatures vanquished.

Notes
Turn   | Place    | Note
-------+----------+-------------------------------------------
     0 | D:1      | grindst0ne the Human Artificer began the quest for the Orb.
     0 | D:1      | Reached XP level 1. HP: 15/15 MP: 3/3
   105 | D:1      | Reached XP level 2. HP: 5/22 MP: 4/4
   169 | D:1      | Reached skill level 2 in Fighting
   973 | D:2      | Reached XP level 3. HP: 19/28 MP: 5/5
  1146 | D:2      | Reached skill level 3 in Fighting
  1300 | D:2      | Reached XP level 4. HP: 17/35 MP: 6/6
  1545 | D:2      | Found a sparkling altar of Nemelex Xobeh.
  1570 | D:2      | Reached skill level 4 in Fighting
  1578 | D:2      | Reached XP level 5. HP: 23/43 MP: 7/7
  1596 | D:2      | Reached skill level 5 in Fighting
  1994 | D:2      | HP: 2/44 [gnoll/+0 spear (6)]
  1996 | D:2      | Slain by a gnoll

Levels and vault maps discovered:
D:1:      saegor_arrival_simple_c, layout_basic
D:2:      layout_loops_cross, nemelex_xobeh_ov_fountains_minmay

Skill      XL: |  1  2  3  4  5 |
---------------+----------------+-----
Fighting       | 2 3 4 5 |  5.1
Short Blades   | |  1.0
Dodging        | |  2.0
Stealth        | |  1.0
Evocations     | |  3.0

Action                   |  1- 3 |  4- 6 || total
-------------------------+-------+-------++-------
Melee: Short sword       |    85 |    15 ||   100
       Dagger            |       |    44 ||    44
Evoke: Wand              |       |    10 ||    10
  Use: Potion            |     1 |     1 ||     2
 Stab: Sleeping          |     1 |       ||     1
  Eat: Chunk             |     1 |     2 ||     3
Armor: Leather armour    |    19 |       ||    19
       Ring mail         |    12 |    14 ||    26
       Scale mail        |       |    14 ||    14
Dodge: Dodged            |    66 |    22 ||    88
